 Dungeon Sprint DCSS version 0.18-a0-1120-g03bd624 (webtiles) character file.

418 Chiseanne the Skirmisher (level 6, 0/84 HPs)
             Began as a Demonspawn Berserker on Jan 17, 2016.
             Was a Believer of Trog.
             Slain by Sonja
             ... wielding a +0 short sword of draining
              (4 damage)
             ... in the Dungeon (Sprint I: "Red Sonja").
             The game lasted 00:01:54 (407 turns).

Chiseanne the Skirmisher (Demonspawn Berserker)      Turns: 407, Time: 00:01:54

Health: 0/84       AC:  2    Str: 22    XL:     6   Next: 61%
Magic:  6/6        EV: 13    Int:  9    God:    Trog [**....]
Gold:   324        SH:  0    Dex: 14    Spells: 0 memorised, 5 levels left

rFire  . . .     SeeInvis .     a - +0 hand axe
rCold  . . .     Gourm    .     b - +0 animal skin
rNeg   . . .     Faith    .     (no shield)
rPois  .         Spirit   .     (helmet restricted)
rElec  .         Dismiss  .     (no cloak)
rCorr  .         Reflect  .     (no gloves)
SustAt .         Harm     .     (no boots)
MR     .....     NoTele   +     (no amulet)
Stlth  ..........               (no ring)
                                (no ring)

@: berserking (expiring), lethally poisoned (0 -> -4), slowed, very heavily
drained, not resistant to hostile enchantments, extremely unstealthy
A: horns 1, demonic guardian 1, powered by death 1
a: Berserk, Trog's Hand, Burn Spellbooks, Renounce Religion


You were in the Dungeon.
You worshipped Trog.
Trog was pleased with you.
You were hungry.

You visited 1 branch You collected 324 gold pieces.

Inventory:

Hand Weapons
 a - a +0 hand axe (weapon)
Missiles
 j - 2 curare-tipped needles
Armour
 b - a +0 animal skin (worn)
Scrolls
 i - a scroll of blinking
Potions
 d - a potion of curing
 e - a potion of heal wounds
 f - a potion of haste
 g - 2 potions of magic
 h - a potion of berserk rage
 k - a potion of lignification {unknown}
Comestibles
 c - a bread ration


   Skills:
 * Level 7.8(4.3) Fighting
 * Level 7.0(3.7) Axes
 * Level 6.8(3.4) Armour
 * Level 6.8(3.4) Dodging


You had 5 spell levels left.
You didn't know any spells.

Dungeon Overview and Level Annotations

Branches:
Dungeon (1/1)

Altars:
Elyvilon
Gozag
Kikubaaqudgha
Makhleb
Nemelex Xobeh
Okawaru
Pakellas
Qazlal
Ru
Sif Muna
Trog
Vehumet
Xom
Yredelemnul
Zin
The Shining One

Shops:
D :

Annotations:
D Sonja


Innate Abilities, Weirdness & Mutations

You have a pair of small horns on your head.
A weak demonic guardian rushes to your aid.
You regenerate a little health from kills.


Message History

You feel drained.
* * * LOW HITPOINT WARNING * * *
Sonja misses you.
There is an open door here.
You hit Sonja. Your headbutt misses Sonja.
Sonja is lightly wounded.
You feel sick.
Sonja hits you with an uncursed short sword of draining.
* * * LOW HITPOINT WARNING * * *
You feel drained.
* * * LOW HITPOINT WARNING * * *
Sonja misses you. Sonja hits you but does no damage.
You feel drained.
You barely miss Sonja.
Sonja is lightly wounded.
Sonja closely misses you.
Sonja hits you with an uncursed short sword of draining.
* * * LOW HITPOINT WARNING * * *
You feel drained. Sonja hits you but does no damage.
You feel drained.
Sonja hits you with an uncursed short sword of draining.
You die...

#<.#..').#.)'..#
#..').#..'..#..+
#..#####'#####'#
#..####..#...#[#
#..#__####..##.#
#..#_.___##'#..+
#⌠⌠#_.∩...'..._#
####_..._##_K#+#
#_____###@#
#########5##
+$5.+ #$.(#
##(## #+#


You could see Sonja, a friendly quasit and a friendly crimson imp.

Vanquished Creatures
  Sigmund (D)
  A yak (D)
  An ogre (D)
  A jelly (D)
  Ijyb (D)
5 creatures vanquished.

Notes
Turn   | Place    | Note
--------------------------------------------------------------
     0 | D        | Chiseanne the Demonspawn Berserker began the quest for the Orb.
     0 | D        | Reached XP level 1. HP: 18/18 MP: 1/1
     1 | D        | Noticed Ijyb
    20 | D        | Killed Ijyb
    20 | D        | Reached skill level 4 in Fighting
    20 | D        | Gained mutation: You regenerate a little health from kills. [demonic ancestry]
    20 | D        | Reached XP level 2. HP: 22/25 MP: 2/2
    53 | D        | Noticed an ogre
    59 | D        | Killed an ogre
    59 | D        | Reached ** piety under Trog
    59 | D        | Reached skill level 5 in Fighting
    59 | D        | Gained mutation: A weak demonic guardian rushes to your aid. [demonic ancestry]
    59 | D        | Reached XP level 3. HP: 30/33 MP: 3/3
    59 | D        | Reached XP level 4. HP: 35/39 MP: 4/4
    71 | D        | Noticed Sigmund
    79 | D        | Killed Sigmund
    79 | D        | Reached skill level 6 in Fighting
    79 | D        | Reached skill level 5 in Armour
    79 | D        | Reached skill level 5 in Dodging
    79 | D        | Gained mutation: You have a pair of small horns on your head. [demonic ancestry]
    79 | D        | Reached XP level 5. HP: 28/47 MP: 5/5
    79 | D        | Reached XP level 6. HP: 31/53 MP: 6/6
   219 | D        | Found a deep blue altar of Sif Muna.
   221 | D        | Found a radiant altar of Vehumet.
   227 | D        | Reached skill level 7 in Fighting
   258 | D        | Found Qugg's Book Emporium.
   258 | D        | Found a white marble altar of Elyvilon.
   258 | D        | Found a stormy altar of Qazlal.
   258 | D        | Found a basalt altar of Yredelemnul.
   258 | D        | Found an iron altar of Okawaru.
   258 | D        | Found a sparkling altar of Nemelex Xobeh.
   258 | D        | Found a shimmering altar of Xom.
   258 | D        | Found an ancient bone altar of Kikubaaqudgha.
   258 | D        | Noticed a yak
   265 | D        | Killed a yak
   266 | D        | Found a burning altar of Makhleb.
   266 | D        | Found a sacrificial altar of Ru.
   266 | D        | Found an oddly glowing altar of Pakellas.
   266 | D        | Found a glowing golden altar of the Shining One.
   266 | D        | Found an opulent altar of Gozag.
   266 | D        | Found a glowing silver altar of Zin.
   267 | D        | Found a bloodstained altar of Trog.
   386 | D        | Noticed Sonja
   407 | D        | HP: 4/84 [Sonja/uncursed short sword of draining (1)]
   407 | D        | Slain by Sonja

Vault maps used:
D:        dungeon_sprint_1

Action                   |  1- 3 |  4- 6 || total
-------------------------+-------+-------++-------
Melee: Hand axe          |    23 |    16 ||    39
Invok: Berserk           |       |     3 ||     3
